 Dungeon Crawl Stone Soup version 0.18.1-50-g88ac8fd (webtiles) character file.

39 FallenPrincess the Vexing (level 3, 0/28 HPs)
             Began as a Demigod Arcane Marksman on Oct 28, 2016.
             Slain by an adder (2 damage)
             ... on level 2 of the Dungeon.
             The game lasted 00:04:19 (510 turns).

FallenPrincess the Vexing (Demigod Arcane Marksman)  Turns: 510, Time: 00:04:21

Health: 0/28       AC:  3    Str: 14    XL:     3   Next: 13%
Magic:  6/6        EV: 12    Int: 17    God:
Gold:   46         SH:  0    Dex: 17    Spells: 1 memorised, 3 levels left

rFire  . . .     SeeInvis .     e - +0 short sword (freeze)
rCold  . . .     Gourm    .     i - +0 leather armour
rNeg   . . .     Faith    .     (no shield)
rPois  .         Spirit   .     (no helmet)
rElec  .         Dismiss  .     (no cloak)
rCorr  .         Reflect  .     (no gloves)
SustAt +         Harm     .     (no boots)
MR     .....                    (no amulet)
Stlth  +.........               (no ring)
                                (no ring)

@: lethally poisoned (0 -> -8), not resistant to hostile enchantments, very
unstealthy
A: high mp 1, sustain attributes
a: no special abilities


You were on level 2 of the Dungeon.
You were not hungry.

You visited 1 branch of the dungeon, and saw 2 of its levels.

You collected 46 gold pieces.

Inventory:

Hand Weapons
 a - a +0 hand crossbow
 e - a +0 short sword of freezing (weapon)
Missiles
 d - 14 bolts
 m - 30 arrows
Armour
 b - a +0 robe
 i - a +0 leather armour (worn)
Scrolls
 j - a scroll of remove curse {unknown}
 k - a scroll of identify {unknown}
Potions
 h - a potion of heal wounds {unknown}
 l - a potion of resistance {unknown}
Books
 c - a book of Debilitation

   Spells                             Type                      Level
   a - Corona                         Hexes                        1
   b - Slow                           Hexes                        2
   c - Gell's Gravitas                Hexes/Translocation          3
   d - Inner Flame                    Hexes/Fire                   3
   e - Cause Fear                     Hexes                        4
   f - Leda's Liquefaction            Hexes/Earth                  4
Comestibles
 f - a bread ration
 g - 3 meat rations


   Skills:
 + Level 1.0 Fighting
 + Level 2.5 Crossbows
 + Level 2.0 Dodging
 + Level 1.0 Spellcasting
 + Level 3.2 Hexes


You had 3 spell levels left.
You knew the following spells:

 Your Spells              Type           Power        Failure   Level  Hunger
a - Corona                Hex            ##.....      10%         1    ##.....


Dungeon Overview and Level Annotations

Branches:
Dungeon (2/15)


Innate Abilities, Weirdness & Mutations

You have an increased reservoir of magic (+10% MP).
Your attributes are resistant to harm.


Message History

The jackal bites you but does no damage.
The bat barely misses you. The jackal misses you. The adder bites you.
* * * LOW HITPOINT WARNING * * *
You are more poisoned.
The adder poisons you! The jackal closely misses you.
You see here a jackal corpse.
You hit the adder.
The adder seems to slow down.
You freeze the adder.
The adder is lightly wounded.
The bat hits you but does no damage. x2; The jackal closely misses you.
The jackal bites you but does no damage.
The adder bites you.
* * * LOW HITPOINT WARNING * * *
The bat hits you but does no damage.
You hit the adder but do no damage.
The adder is lightly wounded.
* * * LOW HITPOINT WARNING * * *
You feel sick. The bat barely misses you.
The jackal bites you but does no damage.
The jackal closely misses you. The jackal misses you. The adder bites you.
You die...

......>....##
............##
.............##
<......(......
..........b.#
.......(....#
.......hh..#
#..S@.# #######


You could see an adder, 2 jackals and a bat.

Vanquished Creatures
  A gnoll (D:1)
  A giant cockroach (D:1)
  4 goblins (D:1)
  5 hobgoblins
  8 jackals
  A bat (D:1)
  3 kobolds (D:1)
  2 rats (D:1)
25 creatures vanquished.

Notes
Turn   | Place    | Note
--------------------------------------------------------------
     0 | D:1      | FallenPrincess the Demigod Arcane Marksman began the quest for the Orb.
     0 | D:1      | Reached XP level 1. HP: 15/15 MP: 4/4
    68 | D:1      | Reached skill level 3 in Hexes
    88 | D:1      | Reached skill level 1 in Fighting
    88 | D:1      | Reached XP level 2. HP: 4/23 MP: 5/5
   302 | D:1      | Reached XP level 3. HP: 12/28 MP: 6/6
   510 | D:2      | Slain by an adder

Skill      XL: |  1  2 |
---------------+-------+-----
Crossbows      | 2 |  2.5
Hexes          | 3 |  3.2
Fighting       | 1 |  1.0
Dodging        | 2 |  2.0
Spellcasting   | |  1.0

Action                   || total
-------------------------++-------
Melee: Hand crossbow     ||     3
       Short sword       ||    11
 Fire: Hand crossbow     ||    47
  Use: Potion            ||     1
Armor: Robe              ||     4
       Leather armour    ||    31
Dodge: Dodged            ||    79
